 Dungeon Crawl Stone Soup version 0.29.1-1-gd02db6906a (webtiles) character file.

Game seed: 16746558661475588603

1243 Demigod47 the Basher (level 8, -9/69 HPs)
             Began as a Minotaur Fighter on Oct 13, 2022.
             Mangled by a two-headed ogre
             ... wielding a +0 giant club
              (14 damage)
             ... on level 6 of the Dungeon.
             The game lasted 00:09:55 (5515 turns).

Demigod47 the Basher (Minotaur Fighter)             Turns: 5515, Time: 00:09:56

Health: -9/69      AC: 12    Str: 24    XL:     8   Next: 25%
Magic:  7/7        EV:  8    Int:  5    God:
Gold:   242        SH:  5    Dex: 12    Spells: 7/7 levels left

rFire   . . .      SeeInvis .   v - +0 morningstar
rCold   . . .      Faith    .   c - +0 buckler
rNeg    + . .      Spirit   .   m - +0 chain mail
rPois   .          Reflect  .   (helmet restricted)
rElec   .          Harm     .   (no cloak)
rCorr   .          Rampage  .   A - +1 pair of gloves
Will    .....                   (no boots)
Stlth   ..........              s - amulet of the acrobat
HPRegen 0.21/turn               e - ring of Jeadgh {rN+ Str+3}
MPRegen 0.10/turn               (no ring)

@: no status effects
A: horns 2, retaliatory headbutt
a: no special abilities


You were on level 6 of the Dungeon.
You visited 1 branch of the dungeon, and saw 6 of its levels.

You collected 242 gold pieces.

Inventory:

Hand Weapons
 a - a +0 flail
 v - a +0 morningstar (weapon)
Armour
 c - a +0 buckler (worn)
 m - a +0 chain mail (worn)
 y - a +1 scale mail of fire resistance
 A - a +1 pair of gloves (worn)
Jewellery
 e - the ring of Jeadgh (left hand) {rN+ Str+3}
   (You found it on level 2 of the Dungeon)

   [ring of positive energy]

   Str:       It affects your strength (+3).
   rN:        It protects you from negative energy.
 s - an amulet of the acrobat (around neck)
Wands
 l - a wand of paralysis (11)
 w - a wand of mindburst (33)
Scrolls
 b - a scroll of torment
 f - a scroll of poison
 g - 5 scrolls of teleportation
 i - a scroll of enchant armour
 j - 2 scrolls of vulnerability
 k - a scroll of noise
 n - a scroll of enchant weapon {unknown}
 p - a scroll of fear {unknown}
 r - 2 scrolls of blinking {unknown}
 u - 2 scrolls of magic mapping {unknown}
 z - a scroll of silence {unknown}
Potions
 d - 2 potions of might
 o - a potion of resistance
 q - a potion of degeneration
 t - 2 potions of flight
 x - a potion of brilliance


   Skills:
 + Level 5.5 Fighting
 * Level 8.7 Maces & Flails
 + Level 6.8 Armour
 + Level 1.5 Dodging
 + Level 0.2 Stealth
 + Level 5.3 Shields


You had 7 spell levels left.
You didn't know any spells.
Your spell library contained the following spells:

 Spells                   Type           Power      Damage    Failure   Level
 Blink                    Tloc           0%         N/A       100%        2
 Lesser Beckoning         Tloc           0%         N/A       100%        3
 Olgreb's Toxic Radiance  Pois           0%         N/A       100%        4
 Manifold Assault         Tloc           0%         N/A       100%        5
 Ozocubu's Refrigeration  Ice            0%         4d7       100%        7
 Ignition                 Fire           0%         3d3       100%        8


Dungeon Overview and Level Annotations

Branches:
Dungeon (6/15)
 Temple: D:4-7

Altars:
Elyvilon
Hepliaklqana
Ru
Vehumet

Shops:
D:2 [   D:5 :


Innate Abilities, Weirdness & Mutations

You have a pair of horns on your head.
You reflexively headbutt those who attack you in melee.


Message History

You see here an iguana corpse.
HP restored.
You see here an iguana corpse.
As you open the door, it creaks loudly!
A phantom comes into view.
You hear two shouts!
A two-headed ogre comes into view. It is wielding two +0 giant clubs.
A phantom comes into view.
There is an open door here.
You barely miss the phantom. You headbutt the phantom!
The phantom is moderately damaged.
You block the phantom's attack.
You barely miss the phantom. Your headbutt misses the phantom.
The phantom is moderately damaged.
The phantom hits you but does no damage.
You barely miss the phantom.
The phantom is moderately damaged.
You block the phantom's attack.
You puncture the phantom! Your headbutt misses the phantom.
The phantom is severely damaged.
The phantom barely misses you.
You hit the phantom but do no damage.
The phantom is severely damaged.
The phantom hits you but does no damage.
You bludgeon the phantom!!
You destroy the phantom!
You hit the two-headed ogre.
The two-headed ogre is lightly wounded.
The two-headed ogre hits you with a +0 giant club!! x2
* * * LOW HITPOINT WARNING * * *
You puncture the two-headed ogre!
You headbutt the two-headed ogre, but do no damage.
The two-headed ogre is moderately wounded.
The two-headed ogre hits you with a +0 giant club!
* * * LOW HITPOINT WARNING * * *
You block the two-headed ogre's attack.
You barely miss the two-headed ogre.
The two-headed ogre is lightly wounded.
The two-headed ogre hits you with a +0 giant club!
You die...

# #. #. #.. ##+# .## #..
#...# ..# ##. .....# ###
#.# #. ......# ##.###[# ##.
.......####...##.########..
.......'WO@................
.......####...##.######.#..
......# ##.###.# #.##.
##''## ### #.# #.... #.W
#.# #.### .. #.# #.... .
###.# #.### #.†.# #.# ####
#.### #.#


You could see a two-headed ogre and a phantom.

Vanquished Creatures
  An ice beast (D:5)
  A black bear (D:5)
  An ogre (D:5)
  A phantom (D:6)
  3 scorpions (D:5)
  4 hounds (D:5)
  Jessica (D:3)
  5 iguanas
  Natasha (twice) (D:2)
  4 orc wizards (D:5)
  14 gnolls
  5 adders
  A shadow imp (D:5)
  2 ufetubi (D:5)
  2 worms
  3 dart slugs
  18 orcs
  8 ball pythons
  6 endoplasms
  3 giant cockroaches
  6 goblins
  4 hobgoblins
  2 jackals (D:1)
  5 bats
  6 frilled lizards
  6 kobolds
  5 rats
119 creatures vanquished.

Vanquished Creatures (others)
  8 plants (D:5)
8 creatures vanquished.

Grand Total: 127 creatures vanquished

Notes
Turn   | Place    | Note
-------+----------+-------------------------------------------
     0 | D:1      | Demigod47 the Minotaur Fighter began the quest for the Orb.
     0 | D:1      | Reached XP level 1. HP: 19/19 MP: 0/0
    91 | D:1      | Reached XP level 2. HP: 22/27 MP: 1/1
   969 | D:2      | Found a faded altar of an unknown god.
   995 | D:1      | Reached skill level 3 in Maces & Flails
   995 | D:1      | Reached XP level 3. HP: 8/33 MP: 2/2
  1441 | D:2      | Identified the ring of Jeadgh {rN+ Str+3}
  1622 | D:2      | Reached XP level 4. HP: 31/40 MP: 3/3
  1795 | D:2      | Found Natwillu's Antique Armour Emporium.
  1846 | D:2      | Noticed Natasha
  1855 | D:2      | Killed Natasha
  1856 | D:2      | Reached skill level 4 in Maces & Flails
  2228 | D:2      | Noticed Natasha
  2236 | D:2      | Killed Natasha
  2470 | D:3      | Reached XP level 5. HP: 47/47 MP: 4/4
  2532 | D:3      | Found a radiant altar of Vehumet.
  2561 | D:3      | Noticed Jessica
  2568 | D:3      | Killed Jessica
  2891 | D:3      | Reached skill level 5 in Maces & Flails
  2964 | D:3      | Found a white marble altar of Elyvilon.
  3221 | D:3      | Reached skill level 1 in Dodging
  3317 | D:3      | Reached XP level 6. HP: 31/53 MP: 5/5
  3712 | D:4      | Found a sacrificial altar of Ru.
  3973 | D:4      | You fall into a shaft and drop 1 floor!
  3973 | D:5      | Entered Level 5 of the Dungeon
  4062 | D:5      | Reached skill level 5 in Shields
  4101 | D:5      | Reached skill level 6 in Maces & Flails
  4366 | D:5      | Reached skill level 5 in Fighting
  4392 | D:5      | Reached skill level 5 in Armour
  4392 | D:5      | Reached XP level 7. HP: 56/61 MP: 6/6
  4399 | D:5      | Reached skill level 7 in Maces & Flails
  4772 | D:5      | Reached skill level 8 in Maces & Flails
  4827 | D:5      | Reached XP level 8. HP: 69/69 MP: 7/7
  5005 | D:5      | Found Zezxig's Book Boutique.
  5080 | D:5      | Found a hazy altar of Hepliaklqana.
  5500 | D:6      | Noticed a two-headed ogre
  5515 | D:6      | Mangled by a two-headed ogre

Illustrated notes

Levels and vault maps discovered:
D:1:      dpeg_arrival_rooms_b, layout_basic
D:2:      layout_loops_cross, serial_shops, nicolae_shop_behind_doors,
          basic_ecumenical_altar, uniq_natasha
D:3:      layout_basic, vehumet_crystals, mainiacjoe_overflow_small_starburst,
          roderic_serpentine_path, uniq_jessica
D:4:      layout_loops_corners, mainiacjoe_overflow_brackets,
          nicolae_ru_awakened_eye, minmay_temple_entry_nine_rooms,
          kennysheep_orc_chapel
D:5:      layout_loops_ring, lemuel_tele_altar, serial_shops,
          nicolae_shop_trees, minmay_misc_feat_enclosed, serial_bayou_pond_b
D:6:      layout_loops_corners, nicolae_shop_dragon_depot, minivault_19,
          nrook_uturn, kennysheep_generic_room_3

Skill      XL: |  1  2  3  4  5  6  7 |
---------------+----------------------+-----
Fighting       | 4 5 |  5.5
Armour         | 4 5 6 |  6.8
Shields        | 4 5 |  5.3
Maces & Flails | 3 4 5 6 8 |  8.7
Dodging        | 1 |  1.5
Stealth        | |  0.2

Action                   |  1- 3 |  4- 6 |  7- 9 || total
-------------------------+-------+-------+-------++-------
Melee: Flail             |    66 |    63 |       ||   129
       Headbutt          |    11 |    25 |    15 ||    51
       Morningstar       |       |    84 |    93 ||   177
  Use: Potion            |     1 |     5 |       ||     6
       Scroll            |       |     4 |     4 ||     8
Armor: Scale mail        |    23 |       |       ||    23
       Chain mail        |    16 |    67 |    36 ||   119
Dodge: Dodged            |    38 |    92 |    28 ||   158
Block: Buckler           |    28 |    45 |    26 ||    99
